 Dungeon Crawl Stone Soup version 0.28.0-61-g67df4f89a8 (webtiles) character file.

Game seed: 8590230559165474613

49 NotaViper the Shooter (level 3, 0/37 HPs)
             Began as an Ogre Hunter on Feb 13, 2023.
             Was an Initiate of Ashenzari.
             Slain by a gnoll
             ... wielding a +0 halberd
              (16 damage)
             ... on level 2 of the Dungeon.
             The game lasted 00:08:45 (842 turns).

NotaViper the Shooter (Ogre Hunter)                  Turns: 842, Time: 00:08:46

Health: 0/37       AC:  3    Str: 18    XL:     3   Next: 75%
Magic:  3/3        EV: 14    Int: 12    God:    Ashenzari [......]
Gold:   61         SH:  0    Dex:  9    Spells: 2/2 levels left

rFire   + . .      SeeInvis .   q - +0 flail
rCold   . . .      Faith    .   (no shield)
rNeg    . . .      Spirit   .   c - +0 robe
rPois   .          Reflect  .   (helmet restricted)
rElec   .          Harm     .   (no cloak)
rCorr   .          Rampage  .   (gloves unavailable)
Will    .....                   (boots unavailable)
Stlth   +.........              (no amulet)
HPRegen 0.12/turn               l - ring of protection from fire
MPRegen 0.08/turn               m - +4 ring of evasion

@: no status effects
A: large, unfitting armour, tough skin 1
a: Renounce Religion, Curse Item


You were on level 2 of the Dungeon.
You worshipped Ashenzari.
Ashenzari was noncommittal.
You visited 1 branch of the dungeon, and saw 2 of its levels.

You collected 61 gold pieces.

Inventory:

Hand Weapons
 a - a +1 shortbow
 b - a +0 short sword
 i - a +0 whip
 j - a +0 dagger
 q - a +0 flail (weapon)
 r - a +0 spear
Missiles
 d - 7 arrows
 g - 14 stones (quivered)
 p - 10 bolts
Armour
 c - a +0 robe (worn)
 k - a +0 chain mail
 o - the +0 ring mail "Haythrei" {Harm rN+ rCorr Int-5}
   (You found it on level 2 of the Dungeon)

   Int:       It affects your intelligence (-5).
   rN:        It protects you from negative energy.
   rCorr:     It protects you from acid and corrosion.
   Harm:      It increases damage dealt and taken.
Jewellery
 l - a ring of protection from fire (left hand)
 m - a +4 ring of evasion (right hand)
 n - a ring of ice
Scrolls
 h - a scroll of fear {unknown}
Potions
 e - a potion of invisibility {unknown}
 f - a potion of flight {unknown}


   Skills:
 + Level 3.0 Fighting
 + Level 0.1 Maces & Flails
 + Level 3.7 Bows
 + Level 2.0 Dodging
 + Level 0.7 Stealth


You had 2 spell levels left.
You didn't know any spells.
Your spell library was empty.

Dungeon Overview and Level Annotations

Branches:
Dungeon (2/15)

Altars:
Ashenzari


Innate Abilities, Weirdness & Mutations

You are too large for most types of armour.
You have tough skin. (AC +1)


Message History

Aim: a gnoll, wielding a +0 flail (61% to hit)
You shoot an arrow. The arrow barely misses the gnoll. x2
The gnoll closely misses you.
Fire: 8 arrows
Press: ? - help, Q - select action, (/) - cycle Shift-Dir - straight line, f/p - gnoll
Aim: a gnoll, wielding a +0 flail (61% to hit)
You shoot an arrow. The arrow hits the gnoll.
The gnoll is moderately wounded.
The gnoll barely misses you.
q - a +0 flail (weapon)
The gnoll hits you with a +0 flail!
You closely miss the gnoll.
The gnoll is moderately wounded.
The gnoll closely misses you. The gnoll barely misses you.
The gnoll closely misses you. The gnoll barely misses you.
You sock the gnoll!
You kill the gnoll!
The gnoll closely misses you. The gnoll completely misses you.
The gnoll barely misses you.
Your Fighting skill increases to level 3!
The gnoll hits you with a +0 halberd. The gnoll misses you.
You see here a +0 club.
You sock the gnoll!
The gnoll is almost dead.
The gnoll hits you with a +0 halberd.
The gnoll hits you from afar with a +0 halberd.
You closely miss the gnoll.
The gnoll is almost dead.
The gnoll hits you but does no damage. x2; The gnoll barely misses you.
You closely miss the gnoll. The gnoll barely misses you.
The gnoll closely misses you. The gnoll barely misses you. x2
You barely miss the gnoll.
The gnoll is almost dead.
The gnoll barely misses you. The gnoll completely misses you.
The gnoll barely misses you. The gnoll misses you.
You thump the gnoll!
You kill the gnoll!
The gnoll hits you but does no damage.
The gnoll hits you from afar with a +0 halberd!
You die...

..##############
...............####.....
.....[................>.
..####<#.#.###.#.##.....
### #.#.#.#...#.# ...(.
#.#.#.#...#.##(...
#...........gl...
####...#..8)g#...
#....##..@## ##...######
.... .#.


You could see 2 gnolls and a frilled lizard.

Vanquished Creatures
  2 gnolls (D:2)
  A dart slug (D:1)
  An orc (D:2)
  4 ball pythons
  An endoplasm (D:1)
  A giant cockroach (D:1)
  2 goblins
  6 hobgoblins
  3 quokkas (D:1)
  4 bats
  6 frilled lizards (D:1)
  2 kobolds (D:1)
  A rat (D:1)
34 creatures vanquished.

Vanquished Creatures (others)
  A plant (D:1)
1 creature vanquished.

Grand Total: 35 creatures vanquished

Notes
Turn   | Place    | Note
-------+----------+-------------------------------------------
     0 | D:1      | NotaViper the Ogre Hunter began the quest for the Orb.
     0 | D:1      | Reached XP level 1. HP: 22/22 MP: 1/1
   133 | D:1      | Reached XP level 2. HP: 24/29 MP: 2/2
   471 | D:1      | Reached XP level 3. HP: 31/36 MP: 3/3
   536 | D:1      | Found a faded altar of an unknown god.
   546 | D:1      | Prayed at the altar of an unknown god.
   546 | D:1      | Became a worshipper of Ashenzari the Shackled
   734 | D:2      | Identified the +0 ring mail "Haythrei" {Harm rN+ rCorr
                  | Int-5}
   842 | D:2      | Slain by a gnoll

Illustrated notes

Levels and vault maps discovered:
D:1:      minmay_arrival_diagonal_passages, layout_rooms,
          shapermc_ecumenical_altar_mp_ritualfount, minmay_lizard_pond
D:2:      layout_basic, mrwooster_statue_mirror

Skill      XL: |  1  2  3 |
---------------+----------+-----
Bows           | 3 |  3.7
Dodging        | 2 |  2.0
Fighting       | 3 |  3.0
Maces & Flails | |  0.1
Stealth        | |  0.7

Action                   || total
-------------------------++-------
Melee: Whip              ||    40
       Punch             ||     1
       Flail             ||     7
 Fire: Shortbow          ||    62
Throw: Stone             ||     1
Armor: Robe              ||    36
Dodge: Dodged            ||    70
